Unix NetHack Version 3.7.0-94 Work-in-progress - last build Dec 18 2023 00:11:04 (7e3deff068b9ef4f2ebb9a71ea0f5c4a3b578a14,branch:master). Game began 2023-12-24 14:14:07, ended 2023-12-24 14:19:31. elenmirie, neutral female human Tourist ------------ --.-.-- +..........| #-....<| # |..........| #|.r...| ##...........| #|.....| # |....>.....| ##|.....| # |..........-## ## -.--.-- # |.(........| ### ------- ## ######## # ------------ |.....| # # # # # |......## ########## # |.....| -----------.-### # |.....| |......{....-# ######## # ### ------- |...........|#0############ ##########0 |............ ----.----# -.-+--- ------------- |.......|# |.*...| |........# |.....| |.......| |.....| |.......| |@..... --------- ------- Elenmirie the Rambler St:12 Dx:12 Co:10 In:14 Wi:11 Ch:16 Neutral Dlvl:4 $:498 HP:0(15) Pw:8(8) AC:10 Xp:2/22 T:1143 Blind Deaf Latest messages: The door opens. You stop searching. You hear some noises. You swap places with Yermak. You stop searching. You miss the gecko. The gecko bites! In what direction? h The dart misses the gecko. Yermak misses the gecko. Yermak misses the gecko. In what direction? h The dart misses the gecko. Yermak misses the gecko. You miss the gecko. The gecko bites! Yermak bites the gecko. The gecko misses Yermak. Yermak bites the gecko. The gecko is killed! a - 2 uncursed +2 darts (at the ready) (23 in total). You see here an empty unlocked large box. Yermak bites the lichen. The lichen is killed! You try to move the boulder, but in vain. You swap places with Yermak. You see here a violet gem. You see here a local delicacy. t - a local delicacy. You see here a green gem. You are momentarily blinded by a flash of light! You hear a deafening roar! You feel an unseen monster! It bites! It bites! You kill it! Welcome to experience level 2. It bites! It bites! You hit it. It bites! You miss it. It bites! It bites! You die... Do you want your possessions identified? [ynq] (y) y Do you want to see your attributes? [ynq] (y) y Do you want an account of creatures vanquished? [ynaq] (y) y Do you want to see your conduct and achievements? [ynq] (y) y Do you want to see the dungeon overview? [ynq] (y) y Inventory: Coins $ - 498 gold pieces Weapons a - 23 uncursed +2 darts (at the ready) Armor k - an uncursed +0 Hawaiian shirt with a tropical fish motif (being worn) Comestibles t - an uncursed local delicacy f - an uncursed cram ration b - 7 uncursed food rations Scrolls n - a blessed scroll of enchant armor j - a blessed scroll of magic mapping i - 3 uncursed scrolls of magic mapping q - a blessed scroll of stinking cloud r - an uncursed scroll of teleportation Spellbooks o - an uncursed spellbook of remove curse Potions h - a blessed potion of extra healing g - an uncursed potion of extra healing p - an uncursed potion of gain energy Tools m - an uncursed credit card l - an uncursed expensive camera (0:92) Elenmirie the Tourist's attributes: Background: You were a Rambler, a level 2 female human Tourist. You were neutral, nominally on a mission for The Lady who was opposed by Blind Io (lawful) and Offler (chaotic). You were right-handed. You were in the Dungeons of Doom, on level 4. You entered the dungeon 1143 turns ago. You had 22 experience points, 18 more were needed to attain level 3. Basics: You had 0 out of 15 hit points. You had all 8 energy points (spell power). Your armor class was 10. Your wallet contained 498 zorkmids. Autopickup was on for '$' plus thrown. Final Characteristics: Your strength was 12 (limit:18/100). Your dexterity was 12 (limit:18). Your constitution was 10 (limit:18). Your intelligence was 14 (limit:18). Your wisdom was 11 (limit:18). Your charisma was 16 (limit:18). Final Status: You were temporarily blind. You were deaf. You weren't hungry. You were unencumbered. You were bare handed. You were unskilled in bare handed combat. Final Attributes: You were stridently aligned. You are dead. Miscellaneous: You never encountered a bones level. Total elapsed playing time was 5 minutes and 23 seconds. Major events: Turn 1: elenmirie the neutral female human Tourist entered the dungeon 827: entered the Gnomish Mines 1143: killed by a fox Vanquished creatures: 2 acid blobs a giant rat a yellow mold a green mold 2 geckos 2 jackals 2 kobolds a goblin 5 grid bugs a lichen 4 newts 22 creatures vanquished. No species were genocided or became extinct. Voluntary challenges: You were an atheist. You never hit with a wielded weapon. You read items or engraved 1 time. You never engraved Elbereth. You never genocided any monsters. You never polymorphed an object. You never changed form. You used no wishes. Achievement: You entered the Gnomish Mines. The Dungeons of Doom: levels 1 to 4 Level 1: Level 2: A fountain. Level 3: Stairs down to The Gnomish Mines. Level 4: <- You were here. A fountain. Final resting place for you, killed by a fox. The Gnomish Mines: Level 4: Game over: ---------- / \ / REST \ / IN \ / PEACE \ / \ | elenmirie | | 498 Au | | killed by a fox | | | | | | | | 2023 | *| * * * | * _________)/\\_//(\/(/\)/\//\/|_)_______ Aloha elenmirie the Tourist... You died in The Dungeons of Doom on dungeon level 4 with 299 points, and 498 pieces of gold, after 1143 moves. You were level 2 with a maximum of 15 hit points when you died.